Map: Odyssey LE

Players

JagrsMullets - Winner!

  • Race: Protoss Protoss
  • Spawn Location: 5:00

A.I. 1 (Harder)

  • Race: Protoss Protoss
  • Spawn Location: 11:00

VOD

Have the link to the VOD?

Description

Time

  • Played on: Dec. 21, 2017, 3:55 a.m.
  • Length: 22:45
Show
View Real Time Build Order
Export as new Build Order

JagrsMullets Protoss - Winner!

Build Orders: Cannon Rush 

Get SALT Encoding   

  12  0:02  Probe (Chrono Boost)  
  13  0:13  Probe (Chrono Boost)  
  14  0:18  Probe (Chrono Boost)  
  15  0:24  Pylon  
  15  0:42  Probe  
  16  0:43  Pylon  
  16  0:54  Probe  
  16  0:57  Forge  
  17  1:06  Probe (Chrono Boost)  
  17  1:09  Assimilator  
  19  1:18  Probe (Chrono Boost)  
  19  1:24  Gateway  
  19  1:30  Pylon  
  19  1:35  Photon Cannon  
  19  1:48  Photon Cannon  
  19  1:52  Photon Cannon  
  19  2:00  Photon Cannon  
  19  2:15  Probe (Chrono Boost)  
  20  2:21  Probe (Chrono Boost)  
  20  2:22  Photon Cannon  
  21  2:29  Probe  
  22  2:35  Assimilator  
  22  2:41  Probe  
  23  2:56  Cybernetics Core  
  23  3:00  Pylon  
  23  3:17  Pylon  
  23  3:21  Pylon  
  23  3:35  Photon Cannon  
  23  3:40  Photon Cannon  
  23  3:45  Photon Cannon  
  23  3:56  Nexus  
  23  3:59  Probe (Chrono Boost)  
  25  4:10  Probe (Chrono Boost)  
  25  4:14  Probe (Chrono Boost)  
  26  4:20  Assimilator  
  26  4:24  Assimilator  
  26  4:25  Probe  
  26  4:30  Protoss Air Weapons Level 1  
  27  4:37  Probe  
  28  4:45  Stargate  
  28  4:58  Stargate  
  28  5:17  Photon Cannon  
  28  5:36  Fleet Beacon  
  28  6:01  Shield Battery  
  28  6:14  Robotics Facility  
  28  6:15  Probe  
  29  6:21  Probe (Chrono Boost)  
  30  6:27  Probe (Chrono Boost)  
  32  6:37  Probe x2 (Chrono Boost)  
  32  6:39  Graviton Catapult  
  33  6:40  Carrier  
  33  6:42  Probe (Chrono Boost)  
  33  6:43  Probe  
  41  6:54  Probe  
  42  6:55  Probe  
  43  7:03  Carrier  
  43  7:08  Probe  
  50  7:20  Probe  
  50  7:22  Protoss Air Armor Level 1  
  51  7:32  Probe (Chrono Boost)  
  52  7:44  Mothership (Chrono Boost)  
  60  7:48  Observer  
  61  8:05  Void Ray  
  61  8:08  Probe (Chrono Boost)  
  66  8:18  Probe (Chrono Boost)  
  67  8:23  Probe (Chrono Boost)  
  68  8:34  Probe  
  68  8:40  Stargate  
  69  8:42  Stargate  
  69  8:46  Probe  
  70  8:53  Void Ray  
  74  9:00  Void Ray  
  78  9:16  Protoss Air Weapons Level 2  
  78  9:20  Pylon  
  78  9:21  Pylon  
  78  9:23  Pylon  
  78  9:26  Pylon  
  78  9:33  Observer  
  78  9:36  Pylon  
  78  9:38  Pylon  
  78  9:40  Carrier  
  84  10:45  Nexus  
  84  10:48  Carrier  
  84  10:49  Carrier x2  
  102  10:57  Assimilator  
  102  10:59  Assimilator  
  102  11:14  Carrier  
  108  12:14  Void Ray  
  112  12:45  Pylon  
  112  12:50  Pylon, Protoss Shields Level 1  
  112  12:51  Pylon  
  112  12:53  Protoss Air Armor Level 2 (Chrono Boost), Pylon  
  112  12:55  Pylon  
  112  13:09  Void Ray x4  
  128  13:23  Immortal  
  132  13:49  Void Ray x2 (Chrono Boost), Carrier (Chrono Boost)  
  146  13:56  Carrier (Chrono Boost)  
  156  14:02  Immortal  
  155  14:42  Immortal  
  159  14:53  Twilight Council  
  159  14:55  Protoss Air Weapons Level 3 (Chrono Boost)  
  163  15:21  Immortal  
  163  16:00  Immortal  
  167  16:39  Immortal  
  171  16:47  Carrier  
Show
View Real Time Build Order
Export as new Build Order

A.I. 1 (Harder) Protoss 

Build Orders: 1 Gate Expand 

Get SALT Encoding   

  12  0:00  Probe  
  13  0:13  Probe  
  14  0:19  Pylon  
  14  0:25  Probe  
  15  0:37  Probe  
  15  0:40  Gateway  
  16  0:49  Probe  
  17  1:12  Nexus, Probe  
  18  1:30  Zealot, Pylon  
  20  1:33  Assimilator  
  20  1:44  Cybernetics Core, Probe  
  21  1:56  Probe  
  22  2:07  Gateway  
  22  2:09  Probe  
  22  2:15  Assimilator  
  23  2:20  Stalker  
  25  2:22  Pylon  
  25  2:23  Probe  
  26  2:37  Probe  
  27  2:46  Probe  
  27  2:49  Probe  
  27  2:50  Adept  
  31  2:56  Warp Gate  
  31  2:57  Adept  
  31  2:58  Probe  
  34  3:01  Probe  
  35  3:10  Probe  
  36  3:13  Probe  
  36  3:15  Gateway  
  37  3:22  Zealot, Probe  
  40  3:35  Adept  
  42  3:46  Pylon  
  42  3:49  Adept  
  44  3:58  Probe  
  44  4:00  Probe  
  44  4:02  Sentry  
  48  4:06  Assimilator  
  48  4:10  Probe  
  48  4:13  Stalker, Probe  
  52  4:18  Pylon  
  52  4:21  Forge  
  52  4:22  Probe  
  53  4:29  Stargate  
  53  4:35  Probe  
  53  4:38  Probe  
  55  4:47  Probe  
  55  4:50  Probe  
  57  4:55  Assimilator  
  57  4:56  Protoss Ground Weapons Level 1  
  57  4:58  Zealot  
  57  4:59  Probe  
  60  5:01  Pylon  
  60  5:02  Probe  
  61  5:10  Zealot  
  61  5:11  Probe  
  64  5:19  Probe  
  65  5:23  Adept  
  65  5:24  Pylon, Probe  
  68  5:31  Probe  
  69  5:36  Adept, Probe  
  72  5:45  Pylon  
  72  5:48  Probe x2  
  72  5:49  Void Ray  
  78  6:02  Adept  
  78  6:03  Probe  
  81  6:05  Probe  
  81  6:09  Pylon  
  82  6:15  Adept  
  84  6:23  Photon Cannon  
  84  6:27  Probe  
  84  6:28  Adept  
  84  6:30  Photon Cannon  
  87  6:34  Robotics Facility  
  87  6:37  Probe  
  87  6:39  Pylon  
  88  6:40  Sentry  
  88  6:43  Pylon  
  88  6:46  Pylon  
  90  6:50  Protoss Ground Armor Level 1  
  90  6:53  Stalker, Twilight Council  
  92  6:56  Forge  
  92  7:06  Stalker, Photon Cannon  
  92  7:08  Photon Cannon  
  94  7:19  Stalker  
  94  7:21  Observer  
  97  7:32  Void Ray  
  101  7:42  Observer  
  102  9:29  Nexus  
  102  9:31  Warp Prism  
  102  9:32  Stalker, Protoss Ground Armor Level 2, Protoss Ground Weapons Level 2  
  102  9:33  Blink, Protoss Air Weapons Level 1  
  102  9:35  Gateway  
  106  9:40  Stalker, Robotics Bay  
  106  9:45  Robotics Facility  
  107  9:49  Stargate  
  107  9:55  Templar Archives  
  107  9:57  Pylon  
  89  10:08  Immortal  
  89  10:10  Zealot  
  71  10:18  Zealot  
  66  10:26  Stalker  
  66  10:28  Gateway, Observer Gravitic Boosters  
  68  10:32  Observer  
  68  10:33  Zealot  
  71  10:41  Sentry, Probe  
  71  10:42  Probe x2  
  76  10:47  Observer  
  76  10:49  Stalker  
  79  10:53  Observer, Probe  
  79  10:54  Probe  
  79  10:55  Assimilator  
  82  10:57  Stalker, Pylon  
  82  11:00  Pylon  
  84  11:04  Stargate  
  84  11:05  Stalker  
  84  11:06  Assimilator  
  84  11:08  Warp Prism  
  88  11:13  Stalker  
  88  11:14  Warp Prism  
  88  11:18  Probe x3  
  95  11:21  Sentry  
  95  11:24  Photon Cannon  
  97  11:26  Photon Cannon  
  97  11:28  Void Ray  
  101  11:37  High Templar  
  103  11:42  Fleet Beacon  
  103  11:45  High Templar  
  105  11:48  Protoss Shields Level 1  
  105  11:52  Colossus  
  111  12:00  Archon  
  111  12:03  Gravitic Drive  
  111  12:13  Protoss Air Armor Level 1  
  111  12:21  Nexus  
  111  12:25  Carrier  
  111  12:26  Dark Shrine  
  117  13:37  Void Ray  
  117  13:39  Assimilator  
  117  13:43  Pylon  
  117  13:44  Protoss Shields Level 2  
  117  13:45  Void Ray  
  117  13:46  Pylon  
  117  13:47  Assimilator  
  117  13:52  Adept  
  117  13:53  Protoss Ground Weapons Level 3  
  117  13:55  Graviton Catapult  
  119  13:57  Zealot  
  119  14:01  Adept  
  123  14:05  Void Ray  
  123  14:09  Protoss Air Weapons Level 2, Photon Cannon, Colossus  
  127  14:14  Carrier  
  139  14:22  Stalker  
  135  14:26  Zealot  
  135  14:29  Observer  
  135  14:30  Stalker  
  104  14:35  Zealot  
  104  14:39  Stalker  
  104  14:45  Zealot  
  108  14:49  Stalker  
  108  14:50  Observer  
  111  14:53  Sentry  
  111  14:58  Void Ray  
  117  15:02  Sentry  
  117  15:06  Colossus  
  125  15:11  Stalker  
  125  15:13  Extended Thermal Lance  
  127  15:15  Stalker  
  129  15:42  Stalker  
  129  16:06  Carrier  
  117  16:11  Sentry  
  117  16:15  Stalker  
  95  16:20  Sentry  
  95  16:24  Adept  
  81  16:28  Stalker  
  81  16:32  Immortal  
  83  16:36  Stalker  
  83  16:41  Zealot  
  83  16:46  Zealot  
  75  16:47  Photon Cannon  
  75  16:50  Stalker  
  75  16:51  Probe  
  75  16:53  Probe  
  75  16:54  Zealot, Probe  
  74  16:58  Nexus  
  74  16:59  Zealot  
  60  17:03  Void Ray, Probe  
  55  17:08  Probe  
  55  17:10  Sentry  
  55  17:11  Immortal, Assimilator  
  55  17:13  Nexus  
  55  17:14  Stalker  
  50  17:15  Probe  
  50  17:19  Adept  
  50  17:20  Probe  
  50  17:21  Stalker  
  50  17:22  Stargate  
  55  17:23  Stalker  
  55  17:24  Photon Cannon  
  55  17:28  Assimilator  
  57  17:33  Zealot, Probe  
  57  17:36  Probe  
  53  17:37  Stalker  
  53  17:40  Zealot  
  46  17:44  Stalker  
  39  17:53  Nexus  
  25  18:03  Probe  
  21  18:10  Zealot  
  20  18:15  Probe  
  20  18:27  Probe  
  20  18:28  Nexus  
  13  18:44  Assimilator  
  5  19:14  Nexus  
  5  19:31  Pylon  
  5  19:39  Nexus  
  5  19:40  Probe  
  6  19:48  Assimilator  
  6  19:52  Probe  
  7  20:04  Probe  
  7  20:06  Gateway  
  8  20:16  Probe  
  9  20:22  Pylon  
  9  20:28  Probe  
  9  20:30  Probe  
  9  20:34  Pylon  
  11  20:43  Probe  
  12  20:51  Probe  
  13  20:59  Probe  
  14  21:12  Probe  
  14  21:15  Probe  
  12  21:39  Probe  
  7  21:51  Probe  
  7  22:03  Probe  
  8  22:27  Probe  
Tags
 
Add a new tag
Caveats
  • Supply blocks, unpowered buildings, or Contaminate may cause inaccurate times.
  • Supply counts are checked every 10 seconds.